 Dungeon Crawl Stone Soup version 0.19.5 (webtiles) character file.

6942 tidbits the Carver (level 10, -4/66 HPs)
             Began as a High Elf Skald on Nov 17, 2017.
             Was a High Priest of Okawaru.
             Hit by a large rock thrown by a cyclops (44 damage)
             ... on level 11 of the Dungeon.
             The game lasted 00:40:57 (4408 turns).

tidbits the Carver (High Elf Skald)                 Turns: 4408, Time: 00:40:57

Health: -4/66      AC: 12    Str: 14    XL:     10   Next: 80%
Magic:  10/17      EV: 14    Int: 14    God:    Okawaru [*****.]
Gold:   578        SH:  0    Dex: 15    Spells: 5 memorised, 6 levels left

rFire  + . .     SeeInvis .     a - +3 falchion (elec)
rCold  . . .     Gourm    .     B - +0 ring mail
rNeg   + . .     Faith    .     (no shield)
rPois  .         Spirit   .     E - +0 helmet
rElec  .         Reflect  .     F - +2 cloak
rCorr  .         Harm     +     G - +0 pair of gloves
MR     +++..                    (no boots)
Stlth  +.........               m - amulet of Xerin {Harm *Drain rF+ MR+ Int-3}
                                o - ring of positive energy
                                w - ring of protection from magic

@: no status effects
A: no striking features
a: Heroism, Finesse, Renounce Religion


You were on level 11 of the Dungeon.
You worshipped Okawaru.
Okawaru was extremely pleased with you.
You were not hungry.

You visited 1 branch of the dungeon, and saw 11 of its levels.
You also visited: Bailey.

You collected 941 gold pieces.
You spent 363 gold pieces at shops.

Inventory:

Hand Weapons
 a - a +3 falchion of electrocution (weapon)
   (You took it off an orc on level 4 of the Dungeon)
 b - a +2 double sword of holy wrath
   (Okawaru gifted it to you on level 10 of the Dungeon)
 h - a +3 hand crossbow
   (You found it in a bailey)
 D - a +0 dagger of freezing
   (You took it off an orc priest on level 3 of the Dungeon)
 K - a +0 shortbow
   (You took it off a centaur on level 5 of the Dungeon)
 Q - a +0 blowgun
   (You took it off a kobold on level 9 of the Dungeon)
Missiles
 f - 65 stones
 n - 27 tomahawks of returning (quivered)
 t - 275 arrows
Armour
 i - a +0 shield
   (You found it on level 1 of the Dungeon)
 B - a +0 ring mail (worn)
   (You found it on level 1 of the Dungeon)
 E - a +0 helmet (worn)
   (You found it on level 4 of the Dungeon)
 F - a +2 cloak (worn)
   (You found it on level 6 of the Dungeon)
 G - a +0 pair of gloves (worn)
   (You found it on level 9 of the Dungeon)
 L - a +1 robe of cold resistance
   (You found it on level 5 of the Dungeon)
Jewellery
 m - the amulet of Xerin (around neck) {Harm *Drain rF+ MR+ Int-3}
   (You found it in a bailey)

   [amulet of harm]

   It increases damage dealt and taken.
   It affects your intelligence (-3).
   It protects you from fire.
   It affects your resistance to hostile enchantments.
   It causes draining when unequipped.
 o - a ring of positive energy (right hand)
   (You took it off a centaur on level 8 of the Dungeon)
 v - an uncursed amulet of regeneration
   (You found it on level 2 of the Dungeon)
 w - a ring of protection from magic (left hand)
   (You found it on level 3 of the Dungeon)
Wands
 M - a wand of flame (25/48)
   (You found it on level 5 of the Dungeon)
 N - a wand of slowing (24/48)
   (You took it off Dowan on level 5 of the Dungeon)
 P - a wand of acid (2/15)
   (You found it on level 6 of the Dungeon)
 S - a wand of teleportation (1/9)
   (You found it on level 6 of the Dungeon)
 T - a wand of teleportation (3/9)
   (You took it off an orc on level 6 of the Dungeon)
Scrolls
 l - 3 scrolls of random uselessness {unknown}
 q - a scroll of amnesia {unknown}
 r - 2 scrolls of remove curse
 s - a scroll of enchant armour {unknown}
 u - 4 scrolls of recharging {unknown}
 x - 3 scrolls of blinking {unknown}
 y - 2 scrolls of fog
 z - a scroll of magic mapping
 O - 4 scrolls of noise {unknown}
Potions
 e - 4 potions of flight {unknown}
 g - 3 potions of haste {unknown}
 j - a potion of lignification
 k - 6 potions of curing
 p - a potion of magic {unknown}
 A - 3 potions of invisibility {unknown}
 I - 3 potions of might
 U - a potion of ambrosia {unknown}
 V - a potion of agility {unknown}
 W - a potion of brilliance {unknown}
 Z - a potion of berserk rage {unknown}
Books
 d - a book of Battle

   Spells                             Type                      Level
   a - Infusion                       Charms                       1
   b - Shroud of Golubria             Charms/Translocation         2
   c - Song of Slaying                Charms                       2
   d - Spectral Weapon                Hexes/Charms                 3
   e - Regeneration                   Charms/Necromancy            3
Miscellaneous
 C - a disc of storms
   (You found it in a bailey)
Comestibles
 c - 7 bread rations
 X - 9 slices of pizza
 Y - 9 meat rations


   Skills:
 - Level 5.5 Fighting
 - Level 11.5 Long Blades
 - Level 5.6 Armour
 - Level 6.3 Dodging
 + Level 4.4 Spellcasting
 + Level 2.3 Hexes
 + Level 5.8 Charms
 + Level 1.8 Necromancy
 - Level 7.3 Invocations


You had 6 spell levels left.
You knew the following spells:

 Your Spells              Type           Power        Failure   Level  Hunger
g - Shroud of Golubria    Chrm/Tloc      ##........   17%         2    ##.....
i - Infusion              Chrm           ###.         4%          1    None
r - Regeneration          Chrm/Necr      ##........   28%         3    ###....
w - Spectral Weapon       Hex/Chrm       ##......     21%         3    ###....
y - Song of Slaying       Chrm           ###.....     8%          2    ##.....


Dungeon Overview and Level Annotations

Branches:
Dungeon (11/15)              Lair (0/6) D:10
 Temple: D:4-7          Orc: D:9-12

Altars:
Kikubaaqudgha
Makhleb
Nemelex Xobeh
Okawaru
Qazlal
Yredelemnul
Zin
The Shining One

Shops:
D:6 !   D:8 ?   D:9 *%


Message History

You feel strangely unstable.
Your spectral weapon fades away.
The cyclops throws a large rock.
The large rock completely misses you.
The barbs in your skin will harm you if you move.
Continue?
The barbed spikes dig painfully into your body as you move.
* * * LOW HITPOINT WARNING * * *
You feel much better.
Your shroud unravels.
Your surroundings suddenly seem different.
The manticore flicks its tail.
The volley of spikes hits you!
The barbed spikes become lodged in your body.
* * * LOW HITPOINT WARNING * * *
Okay, then.
As you read the scroll of fear, it crumbles to dust.
You assume a fearsome visage.
The cyclops looks frightened!
The manticore looks frightened!
As you read the scroll of teleportation, it crumbles to dust.
You feel strangely unstable.
You feel much better.
Your surroundings suddenly seem different.
Found 52 gold pieces.
You feel like a meek peon again.
You carefully extract the barbed spikes from your body.
Casting: Shroud of Golubria
Confirm with . or Enter, or press ? or * to list all spells.
Your skin crawls.
A shadow imp comes into view.
The shadow imp shouts, "Get thee hence, thou churlish crook-pated flim-flammer!"
You see here 19 gold pieces.
You now have 545 gold pieces (gained 19).
Your skin is crawling a little less now.
You closely miss the shadow imp. The shadow imp misses you.
You hit the shadow imp.
The shadow imp is lightly wounded.
The shadow imp shouts, "Back with thee, thou sickly spur-galled crab-lanthorn!"
The shadow imp hits you but does no damage.
You closely miss the shadow imp.
The shadow imp is lightly wounded.
The shadow imp closely misses you.
You riposte.
You hit the shadow imp.
The shadow imp is moderately wounded.
You slash the shadow imp!
You kill the shadow imp!
Okawaru accepts your kill.
Found a stone staircase leading up.
You see here 12 gold pieces.
You now have 557 gold pieces (gained 12).
Your skin stops crawling.
You see here 21 gold pieces.
You now have 578 gold pieces (gained 21).
Found a scroll labeled YSAKIUNKILONK.
You found a shaft!
Your magical contamination has completely faded away.
There is a shaft here.
You see here a scroll labeled YSAKIUNKILONK.
O - 4 scrolls labeled YSAKIUNKILONK (gained 1)
Okay, then.
Found a club.
Found 2 needles of confusion.
Found a stone staircase leading down.
A big kobold comes into view. It is wielding a club.
The big kobold shouts!
A kobold comes into view.
The kobold shouts!
Casting: Regeneration
Confirm with . or Enter, or press ? or * to list all spells.
You draw out your weapon's spirit!
The big kobold hits you with a club.
You hit the big kobold.
The big kobold is lightly wounded.
Your spectral weapon hits the big kobold.
A kobold comes into view.
It is wielding a short sword of flaming.
You strike the helpless big kobold from behind!
You hit the big kobold.
The big kobold is moderately wounded.
Your spectral weapon misses the big kobold.
The big kobold hits you with a club.
You hit the big kobold.
The big kobold is heavily wounded.
Your spectral weapon hits the big kobold.
The big kobold barely misses you.
You riposte.
You slash the big kobold!
The big kobold is almost dead.
Casting: Spectral Weapon
Confirm with . or Enter, or press ? or * to list all spells.
Space distorts slightly along a thin shroud covering your body.
The big kobold hits you with a club.
Your shroud falls apart!
You slash the big kobold!
You kill the big kobold!
Okawaru accepts your kill. The kobold hits you but does no damage.
The kobold hits your spectral weapon.
Your spectral weapon shares its damage with you!
The kobold misses you.
A kobold comes into view. It is wielding a dagger.
You hit the kobold.
There is a sudden explosion of sparks!
You kill the kobold!
The kobold throws a stone.
The stone closely misses you.
The cyclops throws a large rock.
The large rock hits you!!!
Ouch! That really hurt!
You die...

#..# ##.#
#.####. #.##
#..... #..#
#(...
##.###...
#..##..
##.##.#
#####..#.###
......).(@..#
....
##.####(#)###
...... #.CK#
...... ##..#
..... ...#
♣... ...># .
♣... #....'
.... ♣...
#....K ....
♣... #....#
..... ♣...


You could see a cyclops, 2 kobolds and a friendly spectral falchion of
electrocution.

Vanquished Creatures
  The ghost of XO4YCPATb the Epochal, a novice NaMo of Cheibriados (Bailey)
  Pikel (D:7)
  The ghost of Xiguana the Ruffian, a novice VSWz of Cheibriados (D:8)
  An elephant (D:10)
  A troll (D:9)
  A human (D:8)
  2 wyverns
  A steam dragon (D:9)
  A water moccasin (D:9)
  Duvessa (D:5)
  6 orc warriors
  2 sky beasts
  A hornet zombie (D:10)
  A phantom (D:7)
  An ice beast (D:8)
  4 slaves (D:7)
  5 ogres
  6 centaurs
  A crocodile (D:10)
  2 big kobolds
  4 bullfrogs
  Dowan (D:5)
  A wyvern zombie (D:5)
  A scorpion (D:8)
  10 howler monkeys
  2 hounds
  A centaur zombie (D:11)
  3 orc wizards
  2 centaur skeletons
  6 orc priests
  2 iguanas
  4 worker ants
  A killer bee zombie (D:8)
  A hound skeleton (D:7)
  2 hound zombies
  A worker ant zombie (D:9)
  9 adders
  4 gnolls
  A howler monkey zombie (D:5)
  A shadow imp (D:11)
  An ooze (D:2)
  An adder skeleton (D:6)
  3 adder zombies
  2 dart slugs
  5 leopard geckos
  28 orcs
  6 giant cockroaches
  5 goblins
  6 hobgoblins
  4 jackals (D:4)
  A ball python (D:8)
  12 bats
  3 frilled lizards (D:1)
  12 kobolds
  A leopard gecko zombie (D:8)
  A quokka skeleton (D:6)
  8 rats
196 creatures vanquished.

Vanquished Creatures (others)
  3 spectral weapons
3 creatures vanquished.

Grand Total: 199 creatures vanquished

Notes
Turn   | Place    | Note
-------+----------+-------------------------------------------
     0 | D:1      | tidbits the High Elf Skald began the quest for the Orb.
     0 | D:1      | Reached XP level 1. HP: 14/14 MP: 4/4
   105 | D:1      | Reached skill level 3 in Long Blades
   131 | D:1      | Reached XP level 2. HP: 15/19 MP: 3/6
   135 | D:1      | Learned a level 2 spell: Song of Slaying
   138 | D:1      | Learned a level 2 spell: Shroud of Golubria
   306 | D:2      | Reached skill level 4 in Long Blades
   339 | D:1      | Reached XP level 3. HP: 13/24 MP: 3/7
   711 | D:2      | Found a basalt altar of Yredelemnul.
   716 | D:2      | Found a glowing golden altar of the Shining One.
   785 | D:3      | Reached XP level 4. HP: 29/29 MP: 5/8
   796 | D:3      | Reached skill level 5 in Long Blades
   884 | D:4      | Learned a level 3 spell: Regeneration
  1098 | D:3      | Found an iron altar of Okawaru.
  1104 | D:3      | Became a worshipper of Warmaster Okawaru
  1157 | D:3      | Reached skill level 6 in Long Blades
  1179 | D:3      | Reached XP level 5. HP: 30/34 MP: 3/9
  1287 | D:2      | Found an ancient bone altar of Kikubaaqudgha.
  1290 | D:2      | Found a burning altar of Makhleb.
  1439 | D:3      | Reached skill level 7 in Long Blades
  1519 | D:5      | Entered Level 5 of the Dungeon
  1585 | D:5      | Reached XP level 6. HP: 36/39 MP: 3/11
  1600 | D:4      | Found a stormy altar of Qazlal.
  1661 | D:5      | Reached * piety under Okawaru
  1661 | D:5      | Reached skill level 3 in Spellcasting
  1661 | D:5      | Reached skill level 4 in Charms
  1676 | D:5      | Learned a level 3 spell: Spectral Weapon
  1695 | D:5      | Reached skill level 5 in Charms
  1695 | D:5      | Reached XP level 7. HP: 29/45 MP: 6/13
  1702 | D:5      | Reached skill level 1 in Hexes
  1702 | D:5      | Reached skill level 1 in Necromancy
  1774 | D:5      | Reached skill level 1 in Invocations
  1831 | D:5      | Got a faintly glowing robe
  1852 | D:5      | Noticed Duvessa
  1855 | D:5      | Noticed Dowan
  1864 | D:5      | Killed Duvessa
  1864 | D:5      | Reached skill level 3 in Invocations
  1876 | D:5      | Killed Dowan
  1876 | D:5      | Reached ** piety under Okawaru
  1876 | D:5      | Reached skill level 2 in Dodging
  1956 | D:5      | Identified the +0 robe of Kagoc {rElec rF+ MR+} (You found it on level 5 of the Dungeon)
  2038 | D:6      | Found Nafen's Distillery.
  2066 | D:6      | Bought a potion of heal wounds for 70 gold pieces
  2066 | D:6      | Bought a potion of curing for 42 gold pieces
  2066 | D:6      | Bought a potion of heal wounds for 70 gold pieces
  2147 | D:6      | Reached skill level 8 in Long Blades
  2147 | D:6      | Reached XP level 8. HP: 51/51 MP: 6/14
  2208 | D:6      | Reached skill level 3 in Dodging
  2264 | D:6      | Reached skill level 3 in Fighting
  2479 | D:7      | Reached skill level 9 in Long Blades
  2495 | D:7      | Reached skill level 4 in Dodging
  2510 | D:7      | Noticed Pikel
  2516 | D:7      | Killed Pikel
  2516 | D:7      | Reached skill level 4 in Fighting
  2544 | D:7      | Reached skill level 10 in Long Blades
  2549 | D:7      | Found a sparkling altar of Nemelex Xobeh.
  2682 | D:8      | Noticed Xiguana's ghost (novice VSWz)
  2701 | D:8      | Reached skill level 1 in Armour
  2701 | D:8      | Reached XP level 9. HP: 58/58 MP: 12/15
  2719 | D:8      | Reached *** piety under Okawaru
  2719 | D:8      | Reached skill level 2 in Armour
  2743 | D:8      | Killed Xiguana's ghost
  2743 | D:8      | Reached skill level 4 in Armour
  2795 | D:8      | Reached skill level 5 in Armour
  2923 | D:7      | Reached **** piety under Okawaru
  2923 | D:7      | Reached skill level 5 in Dodging
  3020 | D:8      | Found Exze's Magic Scroll Shoppe.
  3026 | D:8      | Bought a scroll of identify for 26 gold pieces
  3026 | D:8      | Bought a scroll of fear for 45 gold pieces
  3026 | D:8      | Bought a scroll of teleportation for 39 gold pieces
  3026 | D:8      | Bought a scroll of magic mapping for 45 gold pieces
  3026 | D:8      | Bought a scroll of identify for 26 gold pieces
  3109 | D:8      | Found a flagged portal.
  3127 | Bailey   | Entered a bailey
  3138 | Bailey   | Noticed XO4YCPATb's ghost (novice NaMo)
  3145 | Bailey   | Reached skill level 5 in Fighting
  3166 | Bailey   | Killed XO4YCPATb's ghost
  3166 | Bailey   | Reached skill level 11 in Long Blades
  3166 | Bailey   | Reached skill level 6 in Dodging
  3166 | Bailey   | Reached XP level 10. HP: 18/66 MP: 6/16
  3178 | Bailey   | Got a pitted sapphire amulet
  3261 | Bailey   | Reached ***** piety under Okawaru
  3319 | Bailey   | Found an iron altar of Okawaru.
  3515 | D:8      | Identified the amulet of Xerin {Harm *Drain rF+ MR+ Int-3} (You found it in a bailey)
  3636 | D:10     | Entered Level 10 of the Dungeon
  3641 | D:10     | Received a gift from Okawaru
  3641 | D:10     | Reached skill level 4 in Invocations
  3680 | D:9      | Reached skill level 5 in Invocations
  3688 | D:10     | Noticed an elephant
  3868 | D:9      | Reached skill level 6 in Invocations
  3900 | D:9      | Found Zin's Purification Station.
  3905 | D:9      | Found a glowing silver altar of Zin.
  3921 | D:9      | Found Jaewniy's Food Boutique.
  4061 | D:10     | Reached skill level 7 in Invocations
  4141 | D:10     | Killed an elephant
  4141 | D:10     | Reached skill level 4 in Spellcasting
  4141 | D:10     | Reached skill level 2 in Hexes
  4143 | D:10     | Found a staircase to the Lair.
  4330 | D:11     | Noticed a manticore
  4331 | D:11     | Noticed a cyclops
  4335 | D:11     | HP: 5/66 [barbs]
  4408 | D:11     | Hit by a large rock thrown by a cyclops

Skill      XL: |  1  2  3  4  5  6  7  8  9 10 |
---------------+-------------------------------+-----
Long Blades    | 3 4 6 7 8 10 11 | 11.5
Spellcasting   | 3 4 |  4.4
Charms         | 5 |  5.8
Hexes          | 1 2 |  2.3
Necromancy     | 1 |  1.8
Invocations    | 3 7 |  7.3
Dodging        | 2 4 6 |  6.3
Fighting       | 4 5 |  5.5
Armour         | 1 5 |  5.6

Action                   |  1- 3 |  4- 6 |  7- 9 | 10-12 || total
-------------------------+-------+-------+-------+-------++-------
Melee: Falchion          |    93 |   112 |   203 |   115 ||   523
       Double sword      |       |       |       |     2 ||     2
 Fire: Shortbow          |       |       |     3 |       ||     3
Throw: Tomahawk          |       |       |     2 |     3 ||     5
 Cast: Infusion          |    16 |    15 |       |       ||    31
       Shroud of Golubri |       |     1 |     9 |     6 ||    16
       Spectral Weapon   |       |       |    26 |    11 ||    37
       Regeneration      |       |       |     2 |     6 ||     8
Invok: Heroism           |       |       |     5 |     2 ||     7
Evoke: Wand              |       |       |     3 |       ||     3
  Use: Potion            |       |     1 |       |     2 ||     3
       Scroll            |       |       |     8 |     8 ||    16
 Stab: Distracted        |       |       |     3 |     1 ||     4
  Eat: Chunk             |       |     3 |     9 |     1 ||    13
       Bread ration      |       |       |       |     1 ||     1
       Pizza             |       |       |       |     1 ||     1
Armor: Ring mail         |    66 |    43 |    77 |    26 ||   212
       Skin              |       |     7 |     6 |       ||    13
Dodge: Dodged            |    72 |    60 |   138 |   101 ||   371
       Rpst.: Falchion   |    21 |    13 |    29 |    25 ||    88

Table legend:
 A = Turns spent in this place as a percentage of turns spent in the entire game.
 B = Non-inter-level travel turns spent in this place as a percentage of non-inter-level travel turns spent in the entire game.
 C = Inter-level travel turns spent in this place as a percentage of turns spent in this place.
 D = Turns resting spent in this place as a percentage of non-inter-level travel turns spent in this place.
 E = Turns spent auto-exploring this place as a percentage of non-inter-level travel turns spent in this place.
 F = Non-inter-level travel turns spent in this place divided by the number of levels of this place that you've seen.
                   A       B       C       D       E      F
               +-------+-------+-------+-------+-------+----------------------
         Total | 100.0 | 100.0 |   0.1 |   0.0 |   0.0 | 337.4
       Dungeon |  92.2 |  92.2 |   0.1 |   0.0 |   0.0 | 339.5
        Bailey |   7.8 |   7.8 |   0.0 |   0.0 |   0.0 | 315.0
               +-------+-------+-------+-------+-------+----------------------

Table legend:
 A = Kills in this place as a percentage of kills in entire the game.
 B = Kills by you in this place as a percentage of kills by you in the entire game.
 C = Kills by friends in this place as a percentage of kills by friends in the entire game.
 D = Other kills in this place as a percentage of other kills in the entire game.
 E = Experience gained in this place as a percentage of experience gained in the entire game.
 F = Experience gained in this place divided by the number of levels of this place that you have seen.
                   A       B       C       D       E      F
               +-------+-------+-------+-------+-------+----------------------
         Total | 100.0 | 100.0 |  -nan |  -nan | 100.0 | 826.5
       Dungeon |  95.8 |  95.8 |  -nan |  -nan |  85.4 | 769.6
        Bailey |   4.2 |   4.2 |  -nan |  -nan |  14.6 | 1452.0
               +-------+-------+-------+-------+-------+----------------------

Vault maps used:
D:1:      minmay_arrival_checkered_box
D:2:      grunt_temple_overflow_holy_war, grunt_temple_overflow_open,
          first_bread
D:3:      okawaru_gym_becter, uniq_natasha
D:4:      cheibriados_altar_1, nicolae_qazlal_general_emergency
D:5:      uniq_duvessa
D:6:      serial_shops, kennysheep_little_box
D:7:      nemelex_xobeh_ov_fountains_minmay,
          minmay_temple_entry_enclosed_plants, uniq_pikel
D:8:      enter_bailey_2, serial_shops, shop, grunt_pizzeria,
          grunt_decor_one_mirror
D:9:      zin_purify, serial_shops, shop, st_stairs_7
D:10:     david_lair_generic, basic_altar, minmay_ruffians
D:11:     orc_0_dummy, kennysheep_big_empty_room
Bailey:   bailey_axe_3, bailey
